 Dungeon Crawl Stone Soup version 0.21.1-1-g345015f (webtiles) character file.

583 vatarom the Vandal (level 7, -1/48 HPs)
             Began as a Halfling Warper on May 18, 2018.
             Succumbed to a worker ant's poison
             ... on level 5 of the Dungeon on May 21, 2018.
             The game lasted 00:11:15 (5406 turns).

vatarom the Vandal (Halfling Warper)                Turns: 5406, Time: 00:11:16

Health: -1/48      AC:  5    Str: 14    XL:     7   Next: 64%
Magic:  9/9        EV: 14    Int: 11    God:
Gold:   188        SH:  0    Dex: 14    Spells: 7/9 levels left

rFire    . . .     SeeInvis .   a - +0 short sword
rCold    . . .     Gourm    .   (shield restricted)
rNeg     . . .     Faith    .   b - +0 leather armour
rPois    .         Spirit   .   (no helmet)
rElec    .         Reflect  .   q - +0 cloak
rCorr    .         Harm     .   i - +0 pair of gloves
MR       .....                  (no boots)
Stlth    +.........             (no amulet)
HPRegen  0.16/turn              (no ring)
MPRegen  0.11/turn              (no ring)

@: lethally poisoned (-1 -> -17)
A: small, mutation resistance 1
a: no special abilities


You were on level 5 of the Dungeon.
You were not hungry.

You visited 1 branch of the dungeon, and saw 5 of its levels.

You collected 188 gold pieces.

Inventory:

Hand Weapons
 a - a +0 short sword (weapon)
 j - a +0 hunting sling
Missiles
 n - a stone (quivered)
Armour
 b - a +0 leather armour (worn)
 i - a +0 pair of gloves (worn)
 q - a +0 cloak (worn)
Scrolls
 g - 3 scrolls of enchant weapon
 h - a scroll of identify
 l - a scroll of magic mapping
 o - 3 scrolls of amnesia
 p - a scroll of remove curse
Books
 c - a book of Spatial Translocations

   Spells                             Type                      Level
   a - Blink                          Translocation                2
   b - Shroud of Golubria             Charms/Translocation         2
   c - Lesser Beckoning               Translocation                3
   d - Gell's Gravitas                Translocation                3
   e - Teleport Other                 Translocation                3
   f - Passage of Golubria            Translocation                4
 k - a book of Frost

   Spells                             Type                      Level
   a - Freeze                         Ice                          1
   b - Throw Frost                    Conjuration/Ice              2
   c - Ozocubu's Armour               Charms/Ice                   3
   d - Throw Icicle                   Conjuration/Ice              4
   e - Summon Ice Beast               Ice/Summoning                4
Comestibles
 f - 3 rations


   Skills:
 * Level 4.0 Fighting
 - Level 2.4 Short Blades
 * Level 7.4(7.8) Slings
 - Level 2.3(4.1) Throwing
 - Level 3.1 Armour
 - Level 2.1 Dodging
 - Level 1.5 Spellcasting
 - Level 3.2 Translocations


You had 7 spell levels left.
You knew the following spells:

 Your Spells              Type           Power        Failure   Level  Hunger
a - Blink                 Tloc           N/A          14%         2    ###....


Dungeon Overview and Level Annotations

Branches:
Dungeon (5/15)
 Temple: D:4-7

Altars:
Ashenzari

Annotations:
D:3 Ijyb
D:5 jerryfan's ghost, novice GnWn


Innate Abilities, Weirdness & Mutations

You are small and have problems with some larger weapons.
You are somewhat resistant to further mutation.


Message History

You feel sick. The worker ant bites you.
* * * LOW HITPOINT WARNING * * *
You are lethally poisoned!
The worker ant poisons you!
You completely miss the worker ant.
The worker ant is severely wounded.
* * * LOW HITPOINT WARNING * * *
You feel sick. The worker ant bites you.
* * * LOW HITPOINT WARNING * * *
You are more poisoned.
The worker ant poisons you! The worker ant barely misses you.
You hit the worker ant.
You kill the worker ant!
* * * LOW HITPOINT WARNING * * *
You feel sick.
You hit the orc but do no damage.
* * * LOW HITPOINT WARNING * * *
You feel sick.
You hit the orc but do no damage.
You die...

....# ###....W§§.......
.......§§§...r.#
##.....§§§....##
....h....##...####
##..###.#......... ....
#.......### ..#
##.......# #.
####r..(....# . #.
#.@ool......#
..###.##.##o........#
#........#...........#
###......#.#...........
#......<...#.........##.
..#......####........#
####..## ##...#...# #.##
#### ..


You could see an iguana, 3 orcs and a quokka.

Vanquished Creatures
  The ghost of soepske the Conjurer, an amateur OpCj (D:3)
  A crimson imp (D:3)
  A bullfrog zombie (D:4)
  A hound (D:5)
  A gnoll shaman (D:4)
  An orc wizard (D:3)
  2 worker ants
  Natasha (thrice) (D:4)
  5 gnolls (D:4)
  A howler monkey skeleton (D:4)
  4 adders
  2 oozes
  3 worms
  4 dart slugs (D:1)
  3 leopard geckos (D:4)
  5 orcs
  A giant cockroach (D:2)
  5 goblins
  6 hobgoblins
  6 jackals
  4 kobolds
  A quokka (D:2)
  3 ball pythons
  7 bats
  5 frilled lizards
  7 rats
83 creatures vanquished.

Notes
Turn   | Place    | Note
-------+----------+-------------------------------------------
     0 | D:1      | vatarom the Halfling Warper began the quest for the Orb.
     0 | D:1      | Reached XP level 1. HP: 14/14 MP: 3/3
   211 | D:1      | Reached XP level 2. HP: 11/19 MP: 4/4
   420 | D:1      | Reached XP level 3. HP: 12/24 MP: 5/5
   881 | D:1      | Learned a level 2 spell: Blink
   957 | D:2      | Reached skill level 1 in Slings
  1016 | D:2      | Reached skill level 2 in Slings
  1019 | D:2      | Reached XP level 4. HP: 24/29 MP: 6/6
  1692 | D:3      | Reached skill level 3 in Slings
  1692 | D:3      | Reached XP level 5. HP: 17/34 MP: 7/7
  2015 | D:3      | Reached skill level 4 in Slings
  2508 | D:3      | Noticed Ijyb
  2510 | D:3      | Noticed soepske's ghost (amateur OpCj)
  2865 | D:3      | Killed soepske's ghost
  2865 | D:3      | Reached skill level 5 in Slings
  2865 | D:3      | Reached XP level 6. HP: 17/41 MP: 8/8
  3566 | D:4      | Reached skill level 6 in Slings
  3586 | D:4      | Reached XP level 7. HP: 18/46 MP: 9/9
  3873 | D:4      | Found a shattered altar of Ashenzari.
  4036 | D:4      | Noticed Natasha
  4046 | D:4      | Killed Natasha
  4524 | D:4      | Noticed Natasha
  4536 | D:4      | Killed Natasha
  4536 | D:4      | Reached skill level 7 in Slings
  4687 | D:5      | Entered Level 5 of the Dungeon
  4956 | D:5      | Noticed jerryfan's ghost (novice GnWn)
  5119 | D:4      | Noticed Natasha
  5132 | D:4      | Killed Natasha
  5405 | D:5      | HP: 1/48 [poisoned by a worker ant]
  5406 | D:5      | Succumbed to a worker ant's poison

Skill      XL: |  1  2  3  4  5  6  7 |
---------------+----------------------+-----
Throwing       | 2 |  2.3
Armour         | 2 3 |  3.1
Slings         | 2 3 5 6 7 |  7.4
Fighting       | 2 3 4 |  4.0
Short Blades   | |  2.4
Dodging        | |  2.1
Spellcasting   | |  1.5
Translocations | |  3.2

Action                   |  1- 3 |  4- 6 |  7- 9 || total
-------------------------+-------+-------+-------++-------
Melee: Short sword       |    69 |   102 |   140 ||   311
 Fire: Hunting sling     |    44 |   187 |     3 ||   234
Throw: Tomahawk          |       |     5 |     7 ||    12
       Stone             |       |       |     1 ||     1
Evoke: Wand              |       |     9 |     4 ||    13
  Use: Potion            |     1 |     6 |     1 ||     8
       Scroll            |       |     4 |     5 ||     9
  Eat: Ration            |       |     2 |     2 ||     4
       Chunk             |       |     1 |     1 ||     2
Armor: Leather armour    |    29 |    51 |    32 ||   112
Dodge: Dodged            |    70 |   130 |   106 ||   306
